 Dungeon Crawl Stone Soup version 0.29-a0-330-g52719c12eb (webtiles) character file.

Game seed: 8954612146510213276

928 kae the Firebug (level 7, -1/57 HPs)
             Began as a Demigod Fire Elementalist on Apr 22, 2022.
             Slain by a black bear (5 damage)
             ... on level 4 of the Dungeon.
             The game lasted 00:04:15 (6307 turns).

kae the Firebug (Demigod Fire Elementalist)         Turns: 6307, Time: 00:04:16

Health: -1/57      AC:  2    Str:  9    XL:     7   Next: 55%
Magic:  9/15       EV: 12    Int: 25    God:
Gold:   100        SH:  0    Dex: 14    Spells: 7/13 levels left

rFire   + . .      SeeInvis .   k - staff of fire
rCold   . . .      Faith    .   (no shield)
rNeg    . . .      Spirit   .   a - +0 robe
rPois   .          Reflect  .   (no helmet)
rElec   .          Harm     .   (no cloak)
rCorr   .          Rampage  .   (no gloves)
Will    .....                   (no boots)
Stlth   ++........              (no amulet)
HPRegen 0.19/turn               (no ring)
MPRegen 0.14/turn               (no ring)

@: about to teleport
A: high MP 1, forlorn, divine attributes
a: no special abilities


You were on level 4 of the Dungeon.
You visited 1 branch of the dungeon, and saw 4 of its levels.
You also visited: Ossuary.

You collected 142 gold pieces.
You spent 42 gold pieces at shops.

Inventory:

Hand Weapons
 d - a +1 club of protection
Armour
 a - a +0 robe (worn)
Magical Staves
 k - a staff of fire (weapon)
Jewellery
 o - a +4 ring of evasion
Scrolls
 b - 4 scrolls of identify
 c - 3 scrolls of amnesia
 e - a scroll of enchant weapon
 f - a scroll of magic mapping
 g - a scroll of noise
 j - a scroll of teleportation
Potions
 h - a potion of mutation {unknown}
 i - 2 potions of invisibility {unknown}
 m - a potion of might
 n - a potion of degeneration {unknown}
 p - a potion of lignification {unknown}


   Skills:
 + Level 3.3 Fighting
 - Level 1.7 Dodging
 - Level 1.7 Stealth
 + Level 3.7 Spellcasting
 + Level 3.6 Conjurations
 * Level 5.8 Fire Magic


You had 7 spell levels left.
You knew the following spells:

 Your Spells              Type           Power      Damage    Failure   Level
a - Foxfire               Conj/Fire      100%       2x1d9     1%          1
b - Scorch                Fire           100%       2d10      1%          2
c - Conjure Flame         Conj/Fire      42%        6-21      4%          3

Your spell library contained the following spells:

 Spells                   Type           Power      Damage    Failure   Level
 Inner Flame              Hex/Fire       28%        N/A       9%          3
 Flame Wave               Conj/Fire      42%        2d9       13%         4


Dungeon Overview and Level Annotations

Branches:
Dungeon (4/15)            Ossuary (visited)
 Temple: D:4-7

Shops:
D:3 ?   D:4 [


Innate Abilities, Weirdness & Mutations

You have an increased reservoir of magic. (+10% MP)
You shall have no god before yourself.
Your divine heritage dramatically boosts your attributes as you level up.


Message History

Confirm with . or Enter, or press ? or * to list all spells.
You feel a surge of power!
You conjure some foxfire!
The black bear closely misses you. The black bear claws you. x2
The gnoll misses you.
The foxfire hits the black bear.
The black bear is heavily wounded.
The foxfire hits the black bear!
The black bear is almost dead.
The gnoll hits you from afar with a +0 halberd!
* * * LOW HITPOINT WARNING * * *
The black bear misses you. The black bear claws you.
* * * LOW HITPOINT WARNING * * *
The black bear claws you but does no damage.
Okay, then.
You feel better.
The black bear bites you but does no damage.
The black bear claws you but does no damage.
The black bear closely misses you.
The gnoll hits you from afar with a +0 halberd.
Okay, then.
Unknown command.
As you read the scroll of teleportation, it crumbles to dust.
You feel strangely unstable.
The black bear goes berserk!
The gnoll hits you but does no damage.
The black bear attacks as you move away!
The black bear bites you.
* * * LOW HITPOINT WARNING * * *
The black bear claws you.
* * * LOW HITPOINT WARNING * * *
The black bear closely misses you.
The gnoll throws a stone.
The stone hits you but does no damage.
The black bear bites you but does no damage.
The black bear claws you.
* * * LOW HITPOINT WARNING * * *
The black bear misses you.
The black bear attacks as you move away!
The black bear closely misses you. The black bear claws you.
* * * LOW HITPOINT WARNING * * *
The black bear claws you.
You die...

#...# ******** #...# *,,,,,,*
#...####### *,,,,,,*
###....#..... *,,,,,,##***
#............
*,,,,,,....########.#...#......
*,,,,,,*#...........######.....
*,,,,,,*#..###.###### #.....
*,,,,,,,,,*##.@# #.....
***,,,*,,**#..h# *#...##
***,,,** #.g## #..#.## *,,,*
#g.# *****####.##..#
*,,,***#..#**,,,,..........
**,,,,§.†..#*,,,,.........#
**,,,.....#*,,,..........#
*,*†.....##.............#
*,..)....##....####.#####


You could see a black bear (berserk) and 2 gnolls.

Vanquished Creatures
  A necrophage (D:4)
  An elf skeleton (D:4)
  3 centaur zombies (Ossuary)
  A hound (D:4)
  A human zombie (Ossuary)
  2 orc priests (D:3)
  2 human skeletons (D:4)
  Jessica (D:2)
  An iguana (D:4)
  8 orc wizards
  2 ogre zombies (Ossuary)
  7 mummies (Ossuary)
  4 gnolls (D:4)
  2 adders
  3 adder zombies (Ossuary)
  2 worms
  3 dart slugs
  8 orcs
  7 endoplasms
  A giant cockroach (D:1)
  2 gnoll zombies (Ossuary)
  8 goblins
  4 hobgoblins
  3 jackals (D:3)
  4 kobolds
  3 quokkas
  6 ball pythons
  6 bats
  4 frilled lizards
  2 goblin zombies (Ossuary)
  4 hobgoblin zombies (Ossuary)
  3 kobold zombies (Ossuary)
  An orc skeleton (D:4)
  3 orc zombies
  2 quokka zombies (Ossuary)
  3 rats
  7 rat zombies (Ossuary)
125 creatures vanquished.

Vanquished Creatures (collateral kills)
  2 foxfires (D:1)
2 creatures vanquished.

Vanquished Creatures (others)
  348 foxfires
348 creatures vanquished.

Grand Total: 475 creatures vanquished

Notes
Turn   | Place    | Note
-------+----------+-------------------------------------------
     0 | D:1      | kae the Demigod Fire Elementalist began the quest for the
                  | Orb.
     0 | D:1      | Reached XP level 1. HP: 14/14 MP: 5/5
    53 | D:1      | Reached skill level 1 in Conjurations
   400 | D:1      | Reached XP level 2. HP: 22/22 MP: 5/7
   402 | D:1      | Reached skill level 3 in Fire Magic
   884 | D:2      | Learned a level 2 spell: Scorch
   934 | D:2      | Noticed Jessica
   945 | D:2      | Killed Jessica
   946 | D:2      | Reached skill level 1 in Fighting
   946 | D:2      | Reached XP level 3. HP: 28/28 MP: 1/8
  1733 | D:3      | Found Bausudgh's Magic Scroll Boutique.
  1933 | D:3      | Bought a scroll of teleportation for 42 gold pieces
  2206 | D:3      | Learned a level 3 spell: Conjure Flame
  2341 | D:3      | Reached XP level 4. HP: 35/35 MP: 2/10
  2995 | D:3      | Reached skill level 4 in Fire Magic
  2995 | D:3      | Reached XP level 5. HP: 16/41 MP: 0/11
  3981 | D:4      | Found Dolevog's Antique Armour Shop.
  4028 | D:4      | Reached XP level 6. HP: 42/48 MP: 9/13
  4071 | D:4      | Found a sand-covered staircase.
  4079 | Ossuary  | Entered an ossuary
  4640 | Ossuary  | Reached skill level 5 in Fire Magic
  5219 | Ossuary  | Reached XP level 7. HP: 56/56 MP: 12/15
  5493 | D:4      | Identified a scroll of acquirement
  5493 | D:4      | Acquired a staff of fire
  6307 | D:4      | Slain by a black bear

Illustrated notes

Levels and vault maps discovered:
D:1:      giann_bridges, layout_rooms, dreamdust_ecumenical_altar_grove,
          minmay_splitting_lines
D:2:      layout_loops_ring, uniq_jessica
D:3:      layout_basic, serial_shops, nicolae_shop_stone
D:4:      layout_rooms, serial_shops, nicolae_shop_hallway_plus,
          nicolae_ossuary_entry_catacombs

Skill      XL: |  1  2  3  4  5  6  7 |
---------------+----------------------+-----
Conjurations   | 1 2 3 |  3.6
Fire Magic     | 3 4 5 |  5.8
Spellcasting   | 2 3 |  3.7
Fighting       | 1 2 3 |  3.3
Dodging        | |  1.7
Stealth        | |  1.7

Action                   |  1- 3 |  4- 6 |  7- 9 || total
-------------------------+-------+-------+-------++-------
Melee: Club              |       |    29 |     4 ||    33
       Staff             |       |       |    16 ||    16
       Punch             |       |       |     1 ||     1
 Cast: Foxfire           |    74 |    92 |    42 ||   208
       Scorch            |     9 |    53 |    32 ||    94
  Use: Scroll            |     6 |     2 |     5 ||    13
       Potion            |     1 |     8 |     1 ||    10
 Stab: Sleeping          |       |     1 |     1 ||     2
Armor: Robe              |     3 |    23 |    19 ||    45
Dodge: Dodged            |    21 |    54 |    41 ||   116

Table legend: (Time is in decaauts)
 A = Elapsed time spent in this place.
 B = Non-inter-level travel time spent in this place.
 C = Inter-level travel time spent in this place.
 D = Time resting spent in this place.
 E = Time spent auto-exploring this place.
 F = Levels seen in this place.
 G = Mean time per level.
                   A        B        C        D        E       F      G
               +--------+--------+--------+--------+--------+-----+--------+
         Total |   6320 |   6112 |    208 |    557 |   4545 |   5 | 1264.0 |
       Dungeon |   4906 |   4698 |    208 |    557 |   3368 |   4 | 1226.5 |
       Ossuary |   1414 |   1414 |      0 |      0 |   1177 |   1 | 1414.0 |
               +--------+--------+--------+--------+--------+-----+--------+

Top non-repeatable levels by time:
     D:3: 2200 daAuts
 Ossuary: 1414 daAuts
     D:4: 978 daAuts
     D:1: 878 daAuts
     D:2: 848 daAuts
